jou, lawful female human Barbarian --- ---.-- --- --....| ..| |..[.-- ----.. --...| |.*.- |...----...| ---- --..........-- |..-----.%..........-- ---- --...--.....---)......-- .--..---..........----........-- ---- --- ------- ----- -- -------.................--...........---..| |.........[.....................................................>..| ----------- --.... --. - ----........--..-----...------.........-- --- ---.......... --........------ --.--- --.%......----..--- |............)#--........-- --..----------........%--.....-- -.................I......| -- |....<............%..[.........| -- -- |....@.......| |.----.---------------.--..........-- ---.....--..-- |......| ------........| ----..|---- --.(.--- |..--....| ---- --..| ---- ----- ---- jou the Bandit Experience level: 7 Strength: 18 Dexterity: 17 Constitution: 18 Intelligence: 7 Wisdom: 8 Charisma: 7 Health: 0(76) Energy: 23(23) Def: 5 Gold: 161 Moves: 2053 Dungeon seed: Mez4wbmMreUs3fcb Game ID: jou_1540260331 Your Inventory: Coins $ - 161 gold pieces Amulets H - a cursed amulet of strangulation Weapons a - an uncursed +0 battle-axe b - a blessed +0 short sword (weapon in hand) K - a blessed +3 dwarvish spear T - an uncursed +0 dagger (in quiver) Armor e - an uncursed rusty +0 ring mail (being worn) U - an uncursed +0 dwarvish iron helm (being worn) V - an uncursed +0 dwarvish roundshield (being worn) Comestibles r - 3 cursed food rations w - an uncursed tin of hill orc meat C - an uncursed tripe ration Scrolls h - an uncursed scroll of identify k - an uncursed scroll of scare monster l - 2 uncursed scrolls of scare monster m - a cursed scroll of identify o - an uncursed scroll of gold detection t - an uncursed scroll of destroy armor Spellbooks g - an uncursed spellbook of slow monster u - an uncursed spellbook of confuse monster Potions j - an uncursed potion of gain ability A - a blessed potion of invisibility E - an uncursed potion of speed Rings i - an uncursed +1 ring of gain constitution Wands p - a cursed wand of create monster (0:14) Tools d - an uncursed skeleton key f - an uncursed leash s - an uncursed tin whistle v - an uncursed bugle S - an uncursed mirror X - a blessed oil lamp (0:1133) Gems n - 3 uncursed worthless pieces of yellowish brown glass q - 2 uncursed worthless pieces of black glass y - an uncursed opal z - 2 uncursed worthless pieces of blue glass D - an uncursed worthless piece of red glass G - an uncursed worthless piece of orange glass N - 2 uncursed worthless pieces of green glass Spells and supernatural/magical abilities: Name Level Category Fail Memory s - slow monster 1 enchantment 100% 96% u - confuse monster 2 enchantment 100% 96% W - pray for help -- divine ? -- Your skills at the end: Miscellaneous Skills bare handed combat [Basic] Weapon Skills axe [Basic] short sword [Basic] Spellcasting Skills Final Attributes: You were piously aligned. You were poison resistant. Your writing hand was a little cramped from use. You were telepathic. You were fast. You were lucky. You are dead. Vanquished creatures: a large mimic a small mimic a mountain nymph 4 gnome kings an orc mummy a gnome mummy a yellow light a baby crocodile 2 wood nymphs a pony 6 gnome lords 2 gnomish wizards a red naga hatchling 6 giant ants a puppy a floating eye a kitten a dwarf 2 kobold shamans 7 monkeys 2 dwarf zombies 3 coyotes a hobbit 4 geckos a red mold 27 gnomes 7 garter snakes 6 manes 3 jackals 3 kobolds a newt 2 goblins 5 sewer rats 2 grid bugs 4 bats 2 lichens 4 kobold zombies 119 creatures vanquished. Voluntary challenges: You did not adorn yourself with jewelry or accessories. You did not cause conflict. You were not invisible. You did not have reflection. You were not displaced. You used a wielded weapon 164 times, starting on turn 68. You did not use containers. You did not apply a unicorn horn. You did not use sinks. You read items or engraved 6 times, starting on turn 1118. You never genocided any monsters. You never polymorphed an object. You changed form 1 time, starting on turn 1929. You used no wishes. You never split a pudding. You wrote Elbereth's name 1 time, starting on turn 1386. You never violated your personal moral code. Dungeon overview: The Dungeons of Doom: levels 1 to 4 Level 1 a long staircase Level 2 Level 3 a general store, a fountain Level 4 some fountains, a sink stairs to The Gnomish Mines The Gnomish Mines: levels 5 to 8 Level 5 stairs to The Dungeons of Doom Level 6 Level 7 many shops, a fountain, a sink Level 8 <- You were here History has recorded: On T:1 you entered the Dungeons of Doom to retrieve the Amulet of Yendor! On T:271 you reached level 2 of The Dungeons of Doom. On T:289 you advanced to experience level 2. On T:448 you reached level 3 of The Dungeons of Doom. On T:555 you advanced to experience level 3. On T:691 you reached level 4 of The Dungeons of Doom. On T:958 you reached level 1 of The Gnomish Mines. On T:970 you advanced to experience level 4. On T:1006 you advanced to experience level 5. On T:1191 you reached level 2 of The Gnomish Mines. On T:1301 you advanced to experience level 6. On T:1383 you reached level 3 of The Gnomish Mines. On T:1387 you prayed to Mitra. On T:1753 you advanced to experience level 7. On T:1917 you reached level 4 of The Gnomish Mines. On T:2051 you prayed to Mitra. Score breakdown: Gold: 161 ( 16 points) Experience: 7 levels ( 600 points) Exploration: 8 levels ( 210 points) Discoveries: 26 items ( 1300 points) Variety of kills: 37 monsters ( 1850 points) Major goal: (nothing yet) ( 0 points) Survival: died (score multiplied by 3) Total score: 11928 Latest messages: There are a few objects here. You have a little trouble lifting G - an orange gem. You have a little trouble lifting H - a hexagonal amulet. You see here a looking glass. The deep ettin casts a spell! The deep ettin suddenly disappears! Something punches you! (2x) Something casts a spell at you! Your cloak crumbles and turns to dust! Something punches you! (2x) You stab something. Something punches you! (2x) Something casts a spell at you! You feel as if you need some help. You begin praying to Mitra. Something punches you! (2x) You hear a mumbled curse. Something punches you! (2x) You die... Final status: Goodbye jou the Barbarian, killed by an invisible deep ettin, while praying... You died in The Gnomish Mines on dungeon level 8 with 11928 points, and 161 pieces of gold, after 2053 moves. You were level 7 with a maximum of 76 hit points when you died.